TOP OF THE 1ST |
Mile High Broncos batting - Pitching for San Jose Missions : LHP Ron Seccombe
|
Pitching: LHP Ron Seccombe
|
|
Batting: RHB Juan Gonzáles
|
0-0: Ball 1-0: Ball 2-0: Ball 3-0: Called Strike 3-1: Ground out 3-1 (Groundball, 34)
|
Batting: RHB Juan Jose Guevana
|
0-0: Called Strike 0-1: Swinging Strike 0-2: Ball 1-2: Ball 2-2: Strikes out swinging
|
Batting: RHB José Herrera
|
0-0: Ball 1-0: Foul Ball, location: 2F 1-1: Called Strike 1-2: Ground out 5-3 (Groundball, 56S)
|
Top of the 1st over - 0 run(s), 0 hit(s), 0 error(s), 0 left on base; Mile High 0 - San Jose 0 |
BOTTOM OF THE 1ST |
San Jose Missions batting - Pitching for Mile High Broncos : RHP John Burris
|
Pitching: RHP John Burris
|
|
Batting: RHB Artie Green
|
0-0: Ball 1-0: Ball 2-0: SOLO HOME RUN (Flyball, 7D), Distance : 370 ft
|
Batting: RHB Joe Broadhead
|
0-0: Ball 1-0: Ball 2-0: Ground out 4-3 (Groundball, 4M)
|
Batting: RHB Javier Ramírez
|
0-0: Ball 1-0: Foul Ball, location: 2F 1-1: Foul Ball, location: 2F 1-2: Ball 2-2: Strikes out swinging wild pitch, reaches first!
|
Batting: RHB Jim Brown
|
0-0: Called Strike 0-1: Swinging Strike 0-2: SINGLE (Line Drive, 56) Javier Ramírez to second
|
Batting: RHB Madidou El Sayed
|
0-0: Called Strike Throwing error on steal attempt, E2 Javier Ramírez scores Jim Brown to third 0-1: Reached on error, E6 (Groundball, 56) Jim Brown scores
|
Batting: RHB Luis Antonio Rosas
|
0-0: Called Strike 0-1: Ball Passed Ball! Madidou El Sayed to third 1-1: Ball 2-1: Called Strike 2-2: Foul Ball, location: 2F 2-2: Ball 3-2: Base on Balls
|
Batting: RHB José Martínez
|
0-0: Ball 1-0: Swinging Strike 1-1: Ball 2-1: Foul Ball, location: 2F 2-2: Foul Ball, location: 2F 2-2: Fielders Choice at 2nd, 2-6 (Groundball, 2L)
|
Batting: LHB Dave Marshall
|
0-0: Ball 1-0: Fly out, F3 (Popup, 23F)
|
Bottom of the 1st over - 3 run(s), 2 hit(s), 2 error(s), 2 left on base; Mile High 0 - San Jose 3 |
TOP OF THE 2ND |
Mile High Broncos batting - Pitching for San Jose Missions : LHP Ron Seccombe
|
Batting: RHB António Martínez
|
0-0: Called Strike 0-1: Swinging Strike 0-2: Strikes out swinging
|
Batting: RHB José Rodríguez
|
0-0: Foul Ball, location: 2F 0-1: Ball 1-1: Foul Ball, location: 2F 1-2: Ball 2-2: Foul Ball, location: 2F 2-2: SINGLE (Groundball, 56D) (infield hit)
|
Batting: RHB Su-kweon Yu
|
0-0: Ball 1-0: Swinging Strike 1-1: Ball 2-1: Foul Ball, location: 2F 2-2: 2-RUN HOME RUN (Flyball, 8LXD), Distance : 444 ft
|
Batting: RHB Jung-ha Kim
|
0-0: Called Strike 0-1: Ball 1-1: Ground out 5-3 (Groundball, 56)
|
Batting: LHB Bill Houston
|
0-0: Ball 1-0: Ball 2-0: Called Strike 2-1: Ball 3-1: Base on Balls
|
Batting: RHB Terry Fuller
|
0-0: Fly out, F8 (Flyball, 8RXD)
|
Top of the 2nd over - 2 run(s), 2 hit(s), 0 error(s), 1 left on base; Mile High 2 - San Jose 3 |
BOTTOM OF THE 2ND |
San Jose Missions batting - Pitching for Mile High Broncos : RHP John Burris
|
Batting: RHB Elliott Rucker
|
0-0: Ball 1-0: Foul Ball, location: 2F 1-1: Ball 2-1: Foul Ball, location: 2F 2-2: Ground out 4-3 (Groundball, 4)
|
Batting: RHB Artie Green
|
0-0: Ball 1-0: Ball 2-0: Foul Ball, location: 2F 2-1: Swinging Strike 2-2: Foul Ball, location: 2F 2-2: Foul Ball, location: 2F 2-2: Foul Ball, location: 2F 2-2: Foul Ball, location: 2F 2-2: Ball 3-2: Strikes out swinging
|
Batting: RHB Joe Broadhead
|
0-0: Ball 1-0: Ground out 2-3 (Groundball, 25)
|
Bottom of the 2nd over - 0 run(s), 0 hit(s), 0 error(s), 0 left on base; Mile High 2 - San Jose 3 |
TOP OF THE 3RD |
Mile High Broncos batting - Pitching for San Jose Missions : LHP Ron Seccombe
|
Batting: RHB Juan Gonzáles
|
0-0: Ball 1-0: Ball 2-0: Swinging Strike 2-1: Foul Ball, location: 2F 2-2: Ball 3-2: Base on Balls
|
Batting: RHB Juan Jose Guevana
|
0-0: Called Strike 0-1: Foul Ball, location: 2F 0-2: Grounds into double play, 5-4-3 (Groundball, 5D)
|
Batting: RHB José Herrera
|
0-0: Ball 1-0: Called Strike 1-1: Ball 2-1: Called Strike 2-2: DOUBLE (Line Drive, 78D)
|
Batting: RHB António Martínez
|
0-0: Swinging Strike 0-1: Foul Ball, location: 2F 0-2: Fly out, F6 (Popup, 15)
|
Top of the 3rd over - 0 run(s), 1 hit(s), 0 error(s), 1 left on base; Mile High 2 - San Jose 3 |
BOTTOM OF THE 3RD |
San Jose Missions batting - Pitching for Mile High Broncos : RHP John Burris
|
Batting: RHB Javier Ramírez
|
0-0: Swinging Strike 0-1: Ball 1-1: Ball 2-1: Ball 3-1: Base on Balls
|
Batting: RHB Jim Brown
|
0-0: Called Strike 0-1: Ball 1-1: Ball 2-1: SINGLE (Line Drive, 56) Javier Ramírez to second
|
Batting: RHB Madidou El Sayed
|
0-0: Reached on error, E5 (Groundball, 5S) Javier Ramírez scores Jim Brown to third
|
Batting: RHB Luis Antonio Rosas
|
0-0: Ball 1-0: Swinging Strike 1-1: SINGLE (Groundball, 56D) Jim Brown scores Madidou El Sayed to third
|
Batting: RHB José Martínez
|
0-0: Ball 1-0: Called Strike 1-1: Swinging Strike 1-2: Ball 2-2: Strikes out swinging Throwing error on steal attempt, E2 Madidou El Sayed scores Luis Antonio Rosas to third
|
Batting: LHB Dave Marshall
|
0-0: Called Strike 0-1: Ball 1-1: Ball 2-1: Foul Ball, location: 2F 2-2: Ball 3-2: Strikes out swinging
|
Batting: RHB Elliott Rucker
|
0-0: Foul Ball, location: 2F 0-1: Ground out 6-3 (Groundball, 6)
|
Bottom of the 3rd over - 3 run(s), 2 hit(s), 2 error(s), 1 left on base; Mile High 2 - San Jose 6 |
TOP OF THE 4TH |
Mile High Broncos batting - Pitching for San Jose Missions : LHP Ron Seccombe
|
Batting: RHB José Rodríguez
|
0-0: Ground out 5-3 (Groundball, 56)
|
Batting: RHB Su-kweon Yu
|
0-0: Foul Ball, location: 2F 0-1: Ball 1-1: Ball 2-1: Ball 3-1: Foul Ball, location: 2F 3-2: DOUBLE (Line Drive, 8RD)
|
Batting: RHB Jung-ha Kim
|
0-0: SINGLE (Line Drive, 9S) Su-kweon Yu to third
|
Batting: LHB Bill Houston
|
0-0: Ball Jung-ha Kim steals 2nd base 1-0: Foul Ball, location: 2F 1-1: Foul Ball, location: 2F 1-2: Strikes out swinging
|
Batting: RHB Terry Fuller
|
0-0: Ball 1-0: Called Strike 1-1: Swinging Strike 1-2: Strikes out swinging
|
Top of the 4th over - 0 run(s), 2 hit(s), 0 error(s), 2 left on base; Mile High 2 - San Jose 6 |
BOTTOM OF THE 4TH |
San Jose Missions batting - Pitching for Mile High Broncos : RHP John Burris
|
Batting: RHB Artie Green
|
0-0: Foul Ball, location: 2F 0-1: Ball 1-1: Ground out 6-3 (Groundball, 6)
|
Batting: RHB Joe Broadhead
|
0-0: Ground out 6-3 (Groundball, 6)
|
Batting: RHB Javier Ramírez
|
0-0: Ball 1-0: Ball 2-0: Ball 3-0: Called Strike 3-1: Base on Balls
|
Batting: RHB Jim Brown
|
0-0: Called Strike 0-1: Ball 1-1: Called Strike 1-2: Hit by Pitch Javier Ramírez to second
|
Batting: RHB Madidou El Sayed
|
0-0: Ball 1-0: Ball 2-0: Ball 3-0: Called Strike 3-1: Ground out 5-3 (Groundball, 5L)
|
Bottom of the 4th over - 0 run(s), 0 hit(s), 0 error(s), 2 left on base; Mile High 2 - San Jose 6 |
TOP OF THE 5TH |
Mile High Broncos batting - Pitching for San Jose Missions : LHP Ron Seccombe
|
Batting: RHB Juan Gonzáles
|
0-0: Swinging Strike 0-1: Swinging Strike 0-2: Ball 1-2: Ball 2-2: Ball 3-2: Ground out 6-3 (Groundball, 6M)
|
Batting: RHB Juan Jose Guevana
|
0-0: Ball 1-0: Called Strike 1-1: SINGLE (Line Drive, 8LS)
|
Batting: RHB José Herrera
|
0-0: Called Strike 0-1: Ball 1-1: Ball 2-1: Foul Ball, location: 2F 2-2: Ball 3-2: Base on Balls Juan Jose Guevana to second
|
Batting: RHB António Martínez
|
0-0: Ball 1-0: Ball Juan Jose Guevana steals 3rd base José Herrera to second 2-0: Foul Ball, location: 2F 2-1: Ball 3-1: Base on Balls
|
Batting: RHB José Rodríguez
|
0-0: Ball 1-0: Called Strike 1-1: Ground out 5-3 (Groundball, 5S) Juan Jose Guevana scores José Herrera to third António Martínez to second
|
Batting: RHB Su-kweon Yu
|
0-0: Called Strike 0-1: Called Strike 0-2: Strikes out swinging
|
Top of the 5th over - 1 run(s), 1 hit(s), 0 error(s), 2 left on base; Mile High 3 - San Jose 6 |
BOTTOM OF THE 5TH |
San Jose Missions batting - Pitching for Mile High Broncos : RHP John Burris
|
Batting: RHB Luis Antonio Rosas
|
0-0: Swinging Strike 0-1: Ball 1-1: Foul Ball, location: 2F 1-2: Ball 2-2: Ball 3-2: Base on Balls
|
Pitching: LHP Mark Stewart
|
|
Batting: RHB José Martínez
|
0-0: Ball 1-0: Called Strike 1-1: SINGLE (Groundball, 56D) Luis Antonio Rosas to second
|
Batting: LHB Dave Marshall
|
0-0: Foul Ball, location: 2F 0-1: Ball 1-1: Grounds into double play, 4-6-3 (Groundball, 34) Luis Antonio Rosas to third
|
Batting: RHB Elliott Rucker
|
0-0: Called Strike Balk! Luis Antonio Rosas scores 0-1: Ball 1-1: SINGLE (Line Drive, 4MD)
|
Batting: RHB Artie Green
|
0-0: Swinging Strike 0-1: Ball 1-1: Called Strike 1-2: Ball 2-2: Foul Ball, location: 2F 2-2: Ball 3-2: Strikes out looking
|
Bottom of the 5th over - 1 run(s), 2 hit(s), 0 error(s), 1 left on base; Mile High 3 - San Jose 7 |
TOP OF THE 6TH |
Mile High Broncos batting - Pitching for San Jose Missions : LHP Ron Seccombe
|
Pitching: RHP Lorenzo Diéguez
|
|
Batting: RHB Jung-ha Kim
|
0-0: Ball 1-0: Ball 2-0: Swinging Strike 2-1: Swinging Strike 2-2: Strikes out swinging
|
Batting: LHB Bill Houston
|
0-0: Ball 1-0: Swinging Strike 1-1: Ball 2-1: Ball 3-1: Base on Balls
|
Batting: RHB Terry Fuller
|
0-0: Fly out, F3 (Popup, 34S)
|
Batting: RHB Juan Gonzáles
|
0-0: Called Strike 0-1: Foul Ball, location: 2F 0-2: Ball 1-2: Ball 2-2: Fly out, F9 (Flyball, 89M)
|
Top of the 6th over - 0 run(s), 0 hit(s), 0 error(s), 1 left on base; Mile High 3 - San Jose 7 |
BOTTOM OF THE 6TH |
San Jose Missions batting - Pitching for Mile High Broncos : LHP Mark Stewart
|
Batting: RHB Joe Broadhead
|
0-0: Called Strike 0-1: Foul Ball, location: 2F 0-2: SINGLE (Groundball, 4D)
|
Batting: RHB Javier Ramírez
|
0-0: Ball Wild Pitch! Joe Broadhead to second 1-0: Called Strike 1-1: Foul Ball, location: 2F 1-2: Strikes out looking
|
Batting: RHB Jim Brown
|
0-0: Ball 1-0: Fly out, F9 (Line Drive, 9S)
|
Batting: RHB Madidou El Sayed
|
0-0: SINGLE (Line Drive, 3D) Joe Broadhead to third Runner from 3rd tries for Home, SAFE, no throw or cutoff
|
Batting: RHB Luis Antonio Rosas
|
0-0: Called Strike 0-1: Foul Ball, location: 2F 0-2: Strikes out swinging
|
Bottom of the 6th over - 1 run(s), 2 hit(s), 0 error(s), 1 left on base; Mile High 3 - San Jose 8 |
TOP OF THE 7TH |
Mile High Broncos batting - Pitching for San Jose Missions : RHP Lorenzo Diéguez
|
Batting: RHB Juan Jose Guevana
|
0-0: Foul Ball, location: 2F 0-1: Swinging Strike 0-2: Ground out 4-3 (Groundball, 4M)
|
Batting: RHB José Herrera
|
0-0: Ground out 5-3 (Groundball, 6)
|
Batting: RHB António Martínez
|
0-0: Called Strike 0-1: Fly out, F9 (Flyball, 89M)
|
Top of the 7th over - 0 run(s), 0 hit(s), 0 error(s), 0 left on base; Mile High 3 - San Jose 8 |
BOTTOM OF THE 7TH |
San Jose Missions batting - Pitching for Mile High Broncos : LHP Mark Stewart
|
Pitching: LHP Domingo Morales
|
|
Batting: RHB José Martínez
|
0-0: Ball 1-0: Ball 2-0: Swinging Strike 2-1: Foul Ball, location: 2F 2-2: Ball 3-2: SINGLE (Line Drive, 9LS)
|
Batting: LHB Dave Marshall
|
0-0: Ball 1-0: Called Strike 1-1: Ball 2-1: Sac Bunt - play at first, batter OUT! 1-3 José Martínez to second
|
Batting: RHB Elliott Rucker
|
0-0: Foul Ball, location: 2F 0-1: Ball 1-1: Called Strike 1-2: Ball 2-2: Ground out 5-3 (Groundball, 56)
|
Batting: RHB Artie Green
|
0-0: Ball 1-0: Foul Ball, location: 2F 1-1: Foul Ball, location: 2F 1-2: DOUBLE (Line Drive, 7LD) José Martínez scores
|
Batting: RHB Joe Broadhead
|
0-0: SINGLE (Line Drive, 4MD) Artie Green to third Runner from 3rd tries for Home, SAFE, no throw or cutoff
|
Batting: RHB Javier Ramírez
|
0-0: Ball 1-0: Reached on error, E1 (Groundball, 15) Joe Broadhead to third
|
Batting: RHB Jim Brown
|
0-0: Called Strike 0-1: Ball 1-1: Ball 2-1: Foul Ball, location: 2F 2-2: Ground out 1-3 (Groundball, 15S)
|
Bottom of the 7th over - 2 run(s), 3 hit(s), 1 error(s), 2 left on base; Mile High 3 - San Jose 10 |
TOP OF THE 8TH |
Mile High Broncos batting - Pitching for San Jose Missions : RHP Lorenzo Diéguez
|
Pitching: RHP Tim Lyons
|
|
Batting: RHB José Rodríguez
|
0-0: Called Strike 0-1: Ball 1-1: Ball 2-1: Foul Ball, location: 2F 2-2: Ball 3-2: Base on Balls
|
Batting: RHB Su-kweon Yu
|
0-0: Ball 1-0: Called Strike 1-1: Ball 2-1: Grounds into double play, 6-4-3 (Groundball, 6)
|
Batting: RHB Jung-ha Kim
|
0-0: Swinging Strike 0-1: Called Strike 0-2: Ball 1-2: Fly out, F7 (Line Drive, 7D)
|
Top of the 8th over - 0 run(s), 0 hit(s), 0 error(s), 0 left on base; Mile High 3 - San Jose 10 |
BOTTOM OF THE 8TH |
San Jose Missions batting - Pitching for Mile High Broncos : LHP Domingo Morales
|
Batting: RHB Madidou El Sayed
|
0-0: Ball 1-0: Ball 2-0: Foul Ball, location: 2F 2-1: Ball 3-1: Foul Ball, location: 2F 3-2: Strikes out swinging
|
Batting: RHB Luis Antonio Rosas
|
0-0: Ball 1-0: Ball 2-0: Called Strike 2-1: Foul Ball, location: 2F 2-2: Ground out 4-3 (Groundball, 34)
|
Batting: RHB José Martínez
|
0-0: Ball 1-0: Fly out, F9 (Flyball, 9LM)
|
Bottom of the 8th over - 0 run(s), 0 hit(s), 0 error(s), 0 left on base; Mile High 3 - San Jose 10 |
TOP OF THE 9TH |
Mile High Broncos batting - Pitching for San Jose Missions : RHP Tim Lyons
|
Batting: LHB Bill Houston
|
0-0: Ball 1-0: Ball 2-0: Ball 3-0: Base on Balls
|
Batting: RHB Terry Fuller
|
0-0: SINGLE (Line Drive, 8RS) Bill Houston to second
|
Batting: RHB Juan Gonzáles
|
0-0: Ball 1-0: Called Strike 1-1: SINGLE (Groundball, 4MD) Bill Houston to third Terry Fuller to second Runner from 3rd tries for Home, SAFE, throw made home Terry Fuller to third Juan Gonzáles to second
|
Batting: RHB Juan Jose Guevana
|
0-0: Called Strike 0-1: Called Strike 0-2: Ball 1-2: Strikes out looking
|
Batting: RHB José Herrera
|
0-0: Called Strike 0-1: Foul Ball, location: 2F 0-2: Fly out, F4 (Line Drive, 4) 0-2: Lined into DP, 4-6 (Line Drive, 4)
|
Top of the 9th over - 1 run(s), 2 hit(s), 0 error(s), 1 left on base; Mile High 4 - San Jose 10 |
|